 Dungeon Crawl Stone Soup version 0.19.1 (webtiles) character file.

3997 Huvudpersonen the Grappler (level 10, -2/76 HPs)
             Began as a Demonspawn Wanderer on Nov 29, 2016.
             Was a Priest of Yredelemnul.
             Slain by an eight-headed hydra (14 damage)
             ... on level 9 of the Dungeon.
             The game lasted 00:20:01 (10400 turns).

Huvudpersonen the Grappler (Demonspawn Wanderer)   Turns: 10400, Time: 00:20:02

Health: -2/76      AC:  8    Str: 25    XL:     10   Next: 3%
Magic:  13/13      EV: 16    Int: 12    God:    Yredelemnul [***...]
Gold:   512        SH:  0    Dex: 22    Spells: 0 memorised, 13 levels left

rFire  . . .     SeeInvis .     G - +4 rod of clouds (0/12)
rCold  + . .     Gourm    .     J - +2 leather armour "Amakifed" {Str+3 Stlth+}
rNeg   . . .     Faith    .     (no shield)
rPois  .         Spirit   .     t - +3 hat "Sekiat" {Dex+4 Slay+6}
rElec  .         Reflect  .     (no cloak)
rCorr  .         Harm     .     (no gloves)
MR     .....                    (no boots)
Stlth  ++++......               (no amulet)
                                (no ring)
                                y - ring of stealth

@: mighty, agile
A: hooves 2, horns 2, cold resistance 1, powered by pain 2
a: Recall Undead Slaves, Injury Mirror, Animate Dead, Renounce Religion


You were on level 9 of the Dungeon.
You worshipped Yredelemnul.
Yredelemnul was most pleased with you.
You were not hungry.

You visited 1 branch of the dungeon, and saw 9 of its levels.

You collected 512 gold pieces.

Inventory:

Hand Weapons
 a - a +2 spear
 j - a +2 dagger of protection
Armour
 d - a +0 robe
 o - a +1 animal skin
 r - a +1 ring mail
 t - the +3 hat "Sekiat" (worn) {Dex+4 Slay+6}
   (You acquired it on level 9 of the Dungeon)

   It affects your dexterity (+4).
   It affects your accuracy and damage with ranged weapons and melee attacks
   (+6).
 x - a +0 pair of gloves
 B - the +2 leather armour "Fiuveinif" {+Inv rC++}
   (You found it on level 5 of the Dungeon)

   It greatly protects you from cold.
   It lets you turn invisible.
 F - a +0 buckler
 J - the +2 leather armour "Amakifed" (worn) {Str+3 Stlth+}
   (You found it on level 7 of the Dungeon)

   It affects your strength (+3).
   It makes you more stealthy.
Rods
 G - a +4 rod of clouds (0/12) (in hand)
   (You found it on level 7 of the Dungeon)
Jewellery
 p - an uncursed ring of teleportation
 s - an uncursed ring of ice
 y - a ring of stealth (left hand)
Wands
 e - a wand of disintegration (5/24)
 q - a wand of digging (11/24)
 D - a wand of polymorph (1/24)
Scrolls
 i - 4 scrolls of remove curse
 k - a scroll of enchant armour
 m - 10 scrolls of identify
 u - 4 scrolls of magic mapping
 v - a scroll of blinking
 H - a scroll of amnesia
 I - 2 scrolls of recharging
 K - a scroll of teleportation
Potions
 z - 3 potions of curing
 A - a potion of haste {unknown}
 C - a potion of cure mutation
Books
 b - the Disquisition on the Escort

   Spells                             Type                      Level
   a - Summon Butterflies             Summoning                    1
   b - Call Canine Familiar           Summoning                    3
 c - Sif Muna's Compendium of Stones

   Spells                             Type                      Level
   a - Sandblast                      Earth                        1
   b - Stone Arrow                    Conjuration/Earth            3
 w - a book of Frost

   Spells                             Type                      Level
   a - Freeze                         Ice                          1
   b - Throw Frost                    Conjuration/Ice              2
   c - Ozocubu's Armour               Charms/Ice                   3
   d - Throw Icicle                   Conjuration/Ice              4
   e - Summon Ice Beast               Ice/Summoning                4
 E - a book of Flames

   Spells                             Type                      Level
   a - Flame Tongue                   Conjuration/Fire             1
   b - Throw Flame                    Conjuration/Fire             2
   c - Conjure Flame                  Conjuration/Fire             3
   d - Inner Flame                    Hexes/Fire                   3
   e - Sticky Flame                   Conjuration/Fire             4
   f - Fireball                       Conjuration/Fire             5
Comestibles
 f - 6 bread rations
 g - 2 meat rations
 l - 13 fruits
 n - a royal jelly


   Skills:
 + Level 6.2 Fighting
 + Level 1.0 Armour
 * Level 11.1 Unarmed Combat
 - Level 2.2 Spellcasting
   Level 1.1 Necromancy
   Level 1.7 Transmutations
 - Level 5.0 Evocations


You had 13 spell levels left.
You didn't know any spells.

Dungeon Overview and Level Annotations

Branches:
Dungeon (9/15)             Temple (0/1) D:7            Lair (0/6) D:8
    Orc: D:9-12

Altars:
Dithmenos
Elyvilon
Hepliaklqana
Nemelex Xobeh
Qazlal
Ru
Vehumet
Xom
Yredelemnul
The Shining One

Annotations:
D:9 Gastronok


Innate Abilities, Weirdness & Mutations

You have hoof-like feet.
You have a pair of horns on your head.
Your flesh is cold resistant. (rC+)
You sometimes gain power by taking damage.


Message History

The eight-headed hydra bites you but does no damage.
The eight-headed hydra bites you!
You focus on the pain.
You feel very mighty all of a sudden.
The eight-headed hydra bites you but does no damage. x2
The eight-headed hydra bites you! The eight-headed hydra bites you. x2
* * * LOW HITPOINT WARNING * * *
The bullfrog is engulfed in noxious fumes.
The bullfrog appears confused.
You feel much better.
The eight-headed hydra is engulfed in roaring flames.
The eight-headed hydra bites you!
You focus on the pain.
You feel agile all of a sudden. The eight-headed hydra bites you! x2
* * * LOW HITPOINT WARNING * * *
The eight-headed hydra barely misses you.
The eight-headed hydra completely misses you.
The eight-headed hydra bites you but does no damage. x2
The eight-headed hydra bites you!
You die...
Your body rises from the dead as a mindless zombie.

#.
#...#######.#######
#.#
#.###.F.##.......#
#.#
#..........####..#
#..
##[#..............#
###
...........#####..#
.........#.# #..#
.........#§#####..#
.........F§§§§§D§.#
........##.#####@.#
........##.#####..#
........##.##.....#
........##....###.#
###.._..#####.# #.#
#.....#####.###.#
###......÷......#.#
#
........#####.#.#.#
## .#....#####
#.#.#.# #.


You could see an eight-headed hydra and a bullfrog (confused).

Vanquished Creatures
  An elephant (D:8)
  2 hippogriffs (D:7)
  2 hungry ghosts
  An ice beast (D:7)
  A black bear (D:6)
  3 sky beasts
  An ogre (D:4)
  6 centaurs
  A crocodile (D:8)
  A big kobold (D:5)
  Blork the orc (D:6)
  5 bullfrogs (D:8)
  2 scorpions
  4 killer bees (D:9)
  A howler monkey (D:7)
  2 crimson imps
  A quasit (D:7)
  A centaur zombie (D:6)
  A bullfrog zombie (D:9)
  3 orc priests
  3 jellies
  2 bullfrog skeletons
  5 hounds
  5 orc wizards
  3 iguanas
  Ijyb (D:3)
  Terence (D:3)
  3 worker ants
  A killer bee zombie (D:8)
  A hound zombie (D:8)
  A hound skeleton (D:8)
  Robin (D:1)
  15 adders
  An ooze (D:2)
  An adder zombie (D:9)
  An adder skeleton (D:7)
  A worm (D:2)
  2 dart slugs
  4 leopard geckos
  27 orcs
  6 giant cockroaches
  11 goblins
  5 hobgoblins
  5 jackals
  5 quokkas
  8 bats
  3 frilled lizards
  10 kobolds
  43 rats
215 creatures vanquished.

Vanquished Creatures (others)
  A bat zombie (D:4)
  3 orc zombies (D:8)
4 creatures vanquished.

Grand Total: 219 creatures vanquished

Notes
Turn   | Place    | Note
-------+----------+-------------------------------------------
     0 | D:1      | Huvudpersonen the Demonspawn Wanderer began the quest for the Orb.
     0 | D:1      | Huvudpersonen set off with: a +2 spear, the Disquisition on the Escort, Sif Muna's Compendium of Stones, a +0 robe, a bread ration
     0 | D:1      | Reached XP level 1. HP: 18/18 MP: 3/3
     0 | D:1      | Identified the Disquisition on the Escort
     0 | D:1      | Identified Sif Muna's Compendium of Stones
   443 | D:1      | Gained mutation: Your flesh is cold resistant. (rC+) [demonic ancestry]
   443 | D:1      | Reached XP level 2. HP: 16/24 MP: 5/5
   550 | D:2      | Found a white marble altar of Elyvilon.
   562 | D:2      | Noticed Robin
   639 | D:1      | Killed Robin
   639 | D:1      | Gained mutation: You have a pair of small horns on your head. [demonic ancestry]
   639 | D:1      | Reached XP level 3. HP: 11/30 MP: 6/6
  1073 | D:2      | Reached skill level 1 in Unarmed Combat
  1366 | D:2      | Reached XP level 4. HP: 36/37 MP: 7/7
  1369 | D:2      | Reached skill level 2 in Unarmed Combat
  1736 | D:3      | Noticed Terence
  1820 | D:3      | Killed Terence
  1820 | D:3      | Reached skill level 3 in Unarmed Combat
  2055 | D:3      | Noticed Ijyb
  2079 | D:3      | Killed Ijyb
  2079 | D:3      | Gained mutation: You sometimes gain a little power by taking damage. [demonic ancestry]
  2079 | D:3      | Reached XP level 5. HP: 25/42 MP: 8/8
  2684 | D:3      | Found a sparkling altar of Nemelex Xobeh.
  2704 | D:3      | Noticed a centaur
  2715 | D:3      | Killed a centaur
  2715 | D:3      | Reached skill level 4 in Unarmed Combat
  2761 | D:3      | Noticed a centaur
  2770 | D:3      | Killed a centaur
  2770 | D:3      | Reached skill level 5 in Unarmed Combat
  2770 | D:3      | Gained mutation: You have large cloven feet. [demonic ancestry]
  2770 | D:3      | Reached XP level 6. HP: 17/48 MP: 9/9
  3443 | D:4      | Found a faded altar of an unknown god.
  3443 | D:4      | Found a hazy altar of Hepliaklqana.
  3448 | D:4      | Found a faded altar of an unknown god.
  3450 | D:4      | Found a faded altar of an unknown god.
  3451 | D:4      | Found a faded altar of an unknown god.
  3454 | D:4      | Became a worshipper of Yredelemnul the Dark
  3454 | D:4      | Reached * piety under Yredelemnul
  3855 | D:4      | Reached skill level 6 in Unarmed Combat
  3911 | D:4      | Gained mutation: You sometimes gain power by taking damage. [demonic ancestry]
  3911 | D:4      | Reached XP level 7. HP: 53/54 MP: 10/10
  4106 | D:4      | Gained mutation: Your flesh is very cold resistant. (rC++) [potion of mutation]
  4106 | D:4      | Gained mutation: You have supernaturally acute eyesight. (SInv) [potion of mutation]
  4106 | D:4      | Gained mutation: You are resistant to hostile enchantments. (MR+) [potion of mutation]
  4107 | D:4      | Lost mutation: Your flesh is very cold resistant. (rC++) [potion of cure mutation]
  4107 | D:4      | Lost mutation: You are resistant to hostile enchantments. (MR+) [potion of cure mutation]
  4107 | D:4      | Lost mutation: You have supernaturally acute eyesight. (SInv) [potion of cure mutation]
  4352 | D:5      | Entered Level 5 of the Dungeon
  4432 | D:5      | Found a shadowy altar of Dithmenos.
  4489 | D:5      | Got an ancient leather armour
  4500 | D:5      | Identified the +2 leather armour "Fiuveinif" {+Inv rC++} (You found it on level 5 of the Dungeon)
  4940 | D:5      | Reached skill level 7 in Unarmed Combat
  5181 | D:6      | Found a radiant altar of Vehumet.
  5182 | D:6      | Found a stormy altar of Qazlal.
  5182 | D:6      | Found a basalt altar of Yredelemnul.
  5182 | D:6      | Found a shimmering altar of Xom.
  5184 | D:6      | Found a glowing golden altar of the Shining One.
  5273 | D:6      | Reached ** piety under Yredelemnul
  5553 | D:6      | Reached skill level 8 in Unarmed Combat
  5553 | D:6      | Reached XP level 8. HP: 31/60 MP: 11/11
  5612 | D:6      | Noticed Blork the orc
  5640 | D:6      | Killed Blork the orc
  6196 | D:6      | Reached skill level 9 in Unarmed Combat
  6731 | D:7      | Identified a +3 rod of clouds (11/11) (You found it on level 7 of the Dungeon)
  6784 | D:7      | Found a staircase to the Ecumenical Temple.
  6964 | D:7      | Noticed a hippogriff
  6978 | D:7      | Killed a hippogriff
  7613 | D:7      | Noticed a hippogriff
  7628 | D:7      | Killed a hippogriff
  7628 | D:7      | Gained mutation: You have a pair of horns on your head. [demonic ancestry]
  7628 | D:7      | Reached XP level 9. HP: 35/66 MP: 12/12
  7773 | D:7      | Got an amethyst-encrusted leather armour
  7784 | D:7      | Identified the +2 leather armour "Amakifed" {Str+3 Stlth+} (You found it on level 7 of the Dungeon)
  7793 | D:7      | Reached skill level 10 in Unarmed Combat
  7870 | D:7      | Found a sacrificial altar of Ru.
  8326 | D:8      | Reached skill level 5 in Fighting
  8642 | D:8      | Found a staircase to the Lair.
  8643 | D:8      | Noticed an elephant
  8677 | D:8      | Killed an elephant
  8890 | D:8      | Reached *** piety under Yredelemnul
  9522 | D:8      | Reached skill level 11 in Unarmed Combat
  9845 | D:9      | Found a basalt altar of Yredelemnul.
  9849 | D:9      | Reached skill level 5 in Evocations
  9968 | D:9      | Noticed an eight-headed hydra
  9971 | D:9      | Noticed Gastronok
 10172 | D:9      | Reached skill level 1 in Armour
 10172 | D:9      | Gained mutation: You have hoof-like feet. [demonic ancestry]
 10172 | D:9      | Reached XP level 10. HP: 55/76 MP: 13/13
 10373 | D:9      | Identified a scroll of acquirement
 10374 | D:9      | Got a warped hat
 10380 | D:9      | Identified the +3 hat "Sekiat" {Dex+4 Slay+6} (You acquired it on level 9 of the Dungeon)
 10400 | D:9      | Slain by an eight-headed hydra

Skill      XL: |  1  2  3  4  5  6  7  8  9 |
---------------+----------------------------+-----
Fighting       | 4 6 |  6.2
Unarmed Combat | 1 3 5 6 8 9 11 | 11.1
Evocations     | 3 5 |  5.0
Armour         | 1 |  1.0
Spellcasting   | |  2.2
Necromancy     | |  1.1
Transmutations | |  1.7

Action                   |  1- 3 |  4- 6 |  7- 9 | 10-12 || total
-------------------------+-------+-------+-------+-------++-------
Melee: Spear             |    68 |       |       |       ||    68
       Dagger            |    70 |   218 |       |       ||   288
       Headbutt          |    12 |    35 |    85 |     2 ||   134
       Punch             |       |     5 |    15 |       ||    20
       Unarmed           |       |    49 |   442 |     5 ||   496
       Kick              |       |    21 |   121 |     3 ||   145
Invok: Animate Remains   |       |     1 |     3 |       ||     4
Evoke: Wand              |       |       |     6 |     2 ||     8
       Rod               |       |       |     3 |     2 ||     5
  Use: Scroll            |     3 |     7 |     4 |     1 ||    15
       Potion            |       |     6 |     6 |     1 ||    13
 Stab: Sleeping          |     1 |       |     6 |       ||     7
  Eat: Chunk             |     2 |     8 |    20 |       ||    30
       Beef jerky        |       |       |     1 |     1 ||     2
       Bread ration      |       |       |     1 |       ||     1
       Pizza             |       |       |       |     1 ||     1
Armor: Robe              |    10 |       |       |       ||    10
       Animal skin       |    21 |    35 |       |       ||    56
       Skin              |       |    30 |       |       ||    30
       Ring mail         |       |    40 |    18 |       ||    58
       Leather armour    |       |       |   107 |     6 ||   113
Dodge: Dodged            |    53 |   100 |   211 |     9 ||   373
